 Seeded DCSS version 0.30.1-3-gfc49f6343a (webtiles) character file.

Game seed: 920673320228942481 (custom seed)

3 McKennaii the Conjurer (level 1, 14/14 HPs)
             Began as a Demigod Conjurer on July 23, 2023.
             Quit the game on level 1 of the Dungeon.
             The game lasted 00:00:59 (460 turns).

McKennaii the Conjurer (Demigod Conjurer)            Turns: 460, Time: 00:01:00

Health: 14/14      AC:  2    Str:  8    XL:     1   Next: 33%
Magic:  5/5        EV: 12    Int: 20    God:
Gold:   25         SH:  0    Dex: 12    Spells: 2/3 levels left

rFire   . . .        (no weapon)
rCold   . . .        (no shield)
rNeg    . . .        a - +0 robe
rPois   .            (no helmet)
rElec   .            (no cloak)
rCorr   .            (no gloves)
SInv    .            (no boots)
Will    .....        (no amulet)
Stlth   ++           (no ring)
HPRegen 0.22/turn    (no ring)
MPRegen 0.09/turn

%: no passive effects
@: no status effects
A: high MP 1, forlorn, divine attributes
a: no special abilities


You were on level 1 of the Dungeon.
You visited 1 branch of the dungeon, and saw 1 of its levels.

You collected 25 gold pieces.

Inventory:

Armour
 a - a +0 robe (worn)
Jewellery
 f - a ring of wizardry
Potions
 b - a potion of magic
 c - a potion of cancellation {unknown}
 d - a potion of mutation {unknown}
 e - a potion of resistance {unknown}


   Skills:
 - Level 1.7 Dodging
 - Level 1.7 Stealth
 + Level 1.9 Spellcasting
 + Level 3.7 Conjurations


You had 2 spell levels left.
You knew the following spells:

 Your Spells              Type           Power      Damage    Failure   Level
a - Magic Dart            Conj           64%        1d6       3%          1

Your spell library contained the following spells:

 Spells                   Type           Power      Damage    Failure   Level
 Searing Ray              Conj           32%        2d5       5%          2
 Dazzling Flash           Conj/Hex       18%        N/A       22%         3
 Fulminant Prism          Conj/Hex       4%         3d5       58%         4
 Iskenderun's Mystic Bla  Conj/Tloc      9%         2d4       58%         4


Dungeon Overview and Level Annotations

Branches:
Dungeon (1/15)


Innate Abilities, Weirdness & Mutations

You have an increased reservoir of magic. (+10% MP)
You shall have no god before yourself.
Your divine heritage dramatically boosts your attributes as you level up.


Message History

There is an open door here.
There is an open door here.
Key pressed, stopping explore.
You can't see any susceptible monsters within range! (Use Z to cast anyway.)
A ball python comes into view.
The magic dart hits the ball python.
The ball python is moderately wounded.
The ball python hisses angrily.
A ball python is nearby!
The magic dart hits the ball python.
You kill the ball python!
Key pressed, stopping explore.
You can't see any susceptible monsters within range! (Use Z to cast anyway.)
You open the door.
There is an open door here.
Found a stone staircase leading down.
You can't see any susceptible monsters within range! (Use Z to cast anyway.)
You now have 25 gold pieces (gained 13).
Found a hand axe.
g - 3 scrolls labelled NOEDYA EDEF You can't see any susceptible monsters within range! (Use Z to cast anyway.)
Found a stone staircase leading down.
You can't see any susceptible monsters within range! (Use Z to cast anyway.)
There is a stone staircase leading down here.
You open the door.
There is an open door here.
You open the door.
There is an open door here.
Key pressed, stopping explore.
You can't see any susceptible monsters within range! (Use Z to cast anyway.)
You open the door.
There is an open door here.
There is a stone staircase leading down here.
Key pressed, stopping explore.
You can't see any susceptible monsters within range! (Use Z to cast anyway.) This is a scroll of acquirement!
Something appears at your feet! Something appears at your feet!
Something appears at your feet!
Are you sure you want to abandon this character and quit the game? (Confirm with "yes".)

##+##.#...#.#
#.##+#.#.#.#####.
##.#....#.........)
.#.#.....#.######.#
.#.#...#....##
.#.##'#####..##
.#.##.######..#
##.##........>########.#
##.....†........@......#
.....###################
.....# ######## .....#
#......# .....# #......#
.....# #......# .....#
#......# .....# #......#
.....####......#


There were no monsters in sight!

Vanquished Creatures
  A dart slug (D:1)
  A ball python (D:1)
2 creatures vanquished.

Notes
Turn   | Place    | Note
-------+----------+-------------------------------------------
     0 | D:1      | McKennaii the Demigod Conjurer began the quest for the Orb.
     0 | D:1      | Reached XP level 1. HP: 14/14 MP: 5/5
   457 | D:1      | Identified 3 scrolls of acquirement
   457 | D:1      | Acquired the amulet "Ozeklahups" {Acrobat Drain rPois
                  | Regen+ Str+3}
   458 | D:1      | Acquired a +2 helmet of intelligence
   459 | D:1      | Acquired 793 gold pieces
   460 | D:1      | Quit the game

Illustrated notes

Levels and vault maps discovered:
D:1:      dpeg_arrival_orchard, layout_basic

Action                     || total
---------------------------++-------
   Cast: Magic Dart        ||     7
    Use: Scroll            ||     3
  Dodge: Dodged            ||     1
